 Dungeon Crawl Stone Soup version 0.19.0-2-gae57169 (webtiles) character file.

67 shinino the Insei (level 4, -2/29 HPs)
             Began as an Octopode Warper on Nov 6, 2016.
             Slain by a worm (6 damage)
             ... on level 3 of the Dungeon.
             The game lasted 00:03:57 (2215 turns).

shinino the Insei (Octopode Warper)                 Turns: 2215, Time: 00:03:58

Health: -2/29      AC:  1    Str:  7 (10) XL:     4   Next: 16%
Magic:  7/8        EV: 18    Int: 18 (20) God:
Gold:   84         SH:  0    Dex: 14 (15) Spells: 2 memorised, 4 levels left

rFire  . . .     SeeInvis .       - Unarmed
rCold  . . .     Gourm    .     (no shield)
rNeg   . . .     Faith    .     (helmet restricted)
rPois  .         Spirit   .     (no amulet)
rElec  .         Reflect  .     (no ring)
rCorr  .         Harm     .     (no ring)
MR     .....                    (no ring)
Stlth  +++.......               (no ring)
                                (no ring)
                                (no ring)
                                (no ring)
                                (no ring)

@: brilliant, agile, lethally poisoned (-2 -> -6), flying, hasted, drained, very
quick
A: almost no armour, stealthy swim, amphibious, 8 rings, constrict 8, camouflage
1, blurry vision 1, clumsy 1, sense surroundings 1, gelatinous body 1
a: no special abilities


You were on level 3 of the Dungeon.
You were not hungry.

You visited 1 branch of the dungeon, and saw 3 of its levels.

You collected 84 gold pieces.

Inventory:

Missiles
 c - 5 tomahawks of dispersal (quivered)
Scrolls
 b - 2 scrolls of blinking
 f - a scroll of identify {unknown}
 h - 2 scrolls of noise {unknown}
 i - a scroll of enchant armour {unknown}
 l - a scroll of magic mapping {unknown}
 m - a scroll of fear {unknown}
Potions
 e - a potion of agility
Books
 a - a book of Spatial Translocations

   Spells                             Type                      Level
   a - Blink                          Translocation                2
   b - Shroud of Golubria             Charms/Translocation         2
   c - Lesser Beckoning               Translocation                3
   d - Portal Projectile              Translocation                3
   e - Teleport Other                 Translocation                3
   f - Passage of Golubria            Translocation                4
Comestibles
 d - 3 bread rations
 k - a meat ration


   Skills:
 - Level 2.0(1.0) Fighting
 - Level 1.0(0.0) Throwing
 - Level 2.3(1.3) Dodging
 + Level 3.5(2.5) Unarmed Combat
 + Level 2.9(1.9) Spellcasting
 - Level 3.0(2.0) Translocations


You had 4 spell levels left.
You knew the following spells:

 Your Spells              Type           Power        Failure   Level  Hunger
a - Blink                 Tloc           N/A          1%          2    ###....
b - Shroud of Golubria    Chrm/Tloc      ###.......   2%          2    ###....


Dungeon Overview and Level Annotations

Branches:
Dungeon (3/15)

Altars:
Ru


Innate Abilities, Weirdness & Mutations

You cannot wear most types of armour.
You are very stealthy in the water. (Stealth+)
You are amphibious.
You can wear up to eight rings at the same time.
You can use your tentacles to constrict eight enemies at once.
Your skin changes colour to match your surroundings (Stealth+).
Your rubbery body absorbs attacks. (AC +1, EV +1)
Scrolls take you a little longer to read.
You are clumsy. (Dex -2)
You passively map a small area around you.


Message History

You feel agile all of a sudden.
It was a potion of mutation.
You feel extremely strange.
Your vision blurs.
You feel clumsy.
You feel a strange attunement to the structure of the dungeons.
* * * LOW HITPOINT WARNING * * *
You feel sick.
It was a potion of degeneration.
There was something very wrong with that liquid.
You feel weakened.
You feel dopey.
You feel clumsy.
It was a potion of brilliance.
You feel clever all of a sudden.
* * * LOW HITPOINT WARNING * * *
You feel sick.
It was a potion of flight.
You feel very buoyant.
You fly up into the air.
It was a potion of haste.
You feel yourself speed up.
* * * LOW HITPOINT WARNING * * *
You feel sick. The worm bites you.
You die...

### ######.## #.@w.#..#
#############....### **
##...#.(.######....!### *
##.......................
, ,
#...........<.........!..
,
#...........####>#.......
*
#......_)...##.)...##....
##.........###.#w### ##..
##...#...####.#.# #


You could see a worm.

Vanquished Creatures
  2 adders
  A dart slug (D:1)
  5 leopard geckos
  2 giant cockroaches
  6 goblins
  4 hobgoblins
  2 jackals (D:2)
  A quokka (D:2)
  5 bats
  A frilled lizard (D:2)
  5 kobolds
  6 rats
40 creatures vanquished.

Notes
Turn   | Place    | Note
-------+----------+-------------------------------------------
     0 | D:1      | shinino the Octopode Warper began the quest for the Orb.
     0 | D:1      | Reached XP level 1. HP: 14/14 MP: 3/3
   548 | D:1      | Reached XP level 2. HP: 19/19 MP: 5/5
   552 | D:1      | Learned a level 2 spell: Blink
   555 | D:1      | Learned a level 2 spell: Shroud of Golubria
  1458 | D:1      | Reached XP level 3. HP: 24/24 MP: 6/6
  2169 | D:3      | Found a sacrificial altar of Ru.
  2193 | D:3      | Reached XP level 4. HP: 28/29 MP: 8/8
  2211 | D:3      | Gained mutation: Scrolls take you a little longer to read. [potion of mutation]
  2211 | D:3      | Gained mutation: You are clumsy. (Dex -2) [potion of mutation]
  2211 | D:3      | Gained mutation: You passively map a small area around you. [potion of mutation]
  2215 | D:3      | Slain by a worm

Skill      XL: |  1  2  3 |
---------------+----------+-----
Unarmed Combat | 3 |  3.5
Fighting       | |  2.0
Throwing       | |  1.0
Dodging        | |  2.3
Spellcasting   | |  2.9
Translocations | |  3.0

Action                   |  1- 3 |  4- 6 || total
-------------------------+-------+-------++-------
Melee: Unarmed           |    99 |     8 ||   107
       Tentacles         |    23 |       ||    23
       Constrict         |    26 |     2 ||    28
 Cast: Blink             |       |     1 ||     1
  Use: Scroll            |     1 |       ||     1
       Potion            |       |     6 ||     6
 Stab: Sleeping          |     6 |       ||     6
  Eat: Chunk             |     4 |       ||     4
Armor: Skin              |     9 |       ||     9
Dodge: Dodged            |    60 |     5 ||    65
